 Dungeon Crawl Stone Soup version 0.23.2-30-g0e89c35649 (webtiles) character file.

Game seed: 1171260261402161757

1047 Stepladder the Fighter (level 8, -3/88 HPs)
             Began as an Ogre Warper on June 10, 2019.
             Was a Follower of Lugonu.
             Slain by a wyvern zombie (7 damage)
             ... on level 6 of the Dungeon.
             The game lasted 00:28:14 (9700 turns).

Stepladder the Fighter (Ogre Warper)                Turns: 9700, Time: 00:28:15

Health: -3/88      AC:  7    Str: 17    XL:     8   Next: 25%
Magic:  11/11      EV: 10    Int: 14    God:    Lugonu [*.....]
Gold:   296        SH:  0    Dex:  9    Spells: 7/11 levels left

rFire    . . .     SeeInvis .   a - +1 hand axe
rCold    . . .     Gourm    +   (no shield)
rNeg     . . .     Faith    .   t - +0 animal skin
rPois    .         Spirit   .   n - +2 hat
rElec    .         Reflect  .   s - +1 cloak
rCorr    .         Harm     .   (gloves unavailable)
MR       .....                  (boots unavailable)
Stlth    +.........             y - amulet of the gourmand
HPRegen  0.24/turn              (no ring)
MPRegen  0.12/turn              (no ring)

@: no status effects
A: large, unfitting armour, tough skin 1
a: Depart the Abyss, Renounce Religion


You were on level 6 of the Dungeon.
You worshipped Lugonu.
Lugonu was aware of your devotion.
You were very full.

You visited 2 branches of the dungeon, and saw 7 of its levels.

You collected 296 gold pieces.

Inventory:

Hand Weapons
 a - a +1 hand axe (weapon)
 p - a +0 hunting sling
 q - a +1 dagger of venom
 v - a +0 trident
Missiles
 c - 146 stones
 e - 3 tomahawks of dispersal (quivered)
 h - 35 poisoned needles
 k - 5 tomahawks
 m - 12 javelins
 B - 29 sling bullets
Armour
 n - a +2 hat (worn)
 s - a +1 cloak (worn)
 t - a +0 animal skin (worn)
 A - a +0 large shield
Jewellery
 r - an uncursed ring of ice
 y - an amulet of the gourmand (around neck)
Wands
 D - a wand of digging (4)
Scrolls
 d - a scroll of blinking
 j - 2 scrolls of teleportation
 C - a scroll of enchant armour
 E - 2 scrolls of random uselessness
 F - 2 scrolls of amnesia
 I - a scroll of identify
Potions
 g - 2 potions of flight {unknown}
 i - 2 potions of cancellation
 l - 2 potions of invisibility {unknown}
 o - 3 potions of agility
 z - a potion of might
 G - a potion of resistance {unknown}
Comestibles
 f - 11 rations


   Skills:
 + Level 8.1 Fighting
 + Level 6.1 Axes
 - Level 1.0 Throwing
 - Level 2.1 Dodging
 - Level 2.4 Spellcasting
 - Level 4.3 Translocations
 + Level 2.2 Invocations


You had 7 spell levels left.
You knew the following spells:

 Your Spells              Type           Power        Failure   Level  Hunger
a - Blink                 Tloc           N/A          6%          2    ###....
q - Shroud of Golubria    Chrm/Tloc      #.........   14%         2    ###....

Your spell library contained the following spells:

 Spells                   Type           Power        Failure   Level  Hunger
 Gell's Gravitas          Tloc           ##........   12%         3    ###....
 Lesser Beckoning         Tloc           ##........   12%         3    ###....
 Teleport Other           Tloc           ##......     12%         3    ###....
 Passage of Golubria      Tloc           N/A          36%         4    #####..


Dungeon Overview and Level Annotations

Branches:
Dungeon (6/15)             Temple (1/1) D:5

Altars:
Ashenzari
Cheibriados
Elyvilon
Fedhas
Hepliaklqana
Kikubaaqudgha
Nemelex Xobeh
Okawaru
Qazlal
Ru
Sif Muna
Uskayaw
Wu Jian
Xom
Yredelemnul
The Shining One
Lugonu

Annotations:
D:2 1 runed translucent door, Crazy Yiuf
D:5 Pikel


Innate Abilities, Weirdness & Mutations

You are too large for most types of armour.
You have tough skin. (AC +1)


Message History

You completely miss the wyvern zombie.
The wyvern zombie is almost destroyed.
The wyvern zombie bites you!
* * * LOW HITPOINT WARNING * * *
The wyvern zombie bites you!
* * * LOW HITPOINT WARNING * * *
You barely miss the wyvern zombie.
The wyvern zombie is almost destroyed.
The wyvern zombie bites you but does no damage.
You hit the wyvern zombie.
The wyvern zombie is almost destroyed.
The wyvern zombie bites you!
* * * LOW HITPOINT WARNING * * *
You feel better. The wyvern zombie bites you!
* * * LOW HITPOINT WARNING * * *
The wyvern zombie barely misses you.
You hit the wyvern zombie but do no damage.
The wyvern zombie is almost destroyed.
The wyvern zombie bites you!
You die...

.........#....#........
#######
##.......##...#........
##########...#......##
...........#......#
...........#......#
...........#......+
...........'......#
......##...#......#
...... #####.@....+
...... #.Z....# ......
#......# ... +......#
#......# #......#
#......# '......#
#......#


You could see a wyvern zombie.

Vanquished Creatures
  2 slaves (D:6)
  A phantom (D:5)
  2 ogres (D:4)
  A centaur (D:5)
  A bullfrog (D:5)
  A crimson imp (D:6)
  2 howler monkeys
  A hound (D:4)
  A jelly (D:5)
  An orc wizard (D:4)
  A centaur skeleton (D:6)
  A gnoll shaman (D:6)
  Ijyb (D:5)
  A killer bee zombie (D:5)
  4 worker ants
  2 hound skeletons (D:5)
  4 gnolls
  7 adders
  A shadow imp (D:6)
  An adder skeleton (D:6)
  2 worms
  3 dart slugs
  5 leopard geckos
  10 orcs
  5 giant cockroaches
  13 goblins
  5 hobgoblins
  7 jackals
  3 quokkas
  6 bats
  10 frilled lizards
  A jackal skeleton (D:4)
  2 jackal zombies
  5 kobolds
  A quokka skeleton (D:5)
  7 rats
121 creatures vanquished.

Vanquished Creatures (others)
  A leopard gecko zombie (D:6)
1 creature vanquished.

Grand Total: 122 creatures vanquished

Notes
Turn   | Place    | Note
-------+----------+-------------------------------------------
     0 | D:1      | Stepladder the Ogre Warper began the quest for the Orb.
     0 | D:1      | Reached XP level 1. HP: 22/22 MP: 3/3
    87 | D:1      | Reached skill level 3 in Fighting
   329 | D:1      | Reached XP level 2. HP: 31/31 MP: 5/5
   333 | D:1      | Learned a level 2 spell: Blink
  1013 | D:2      | Reached XP level 3. HP: 28/39 MP: 6/6
  1211 | D:2      | Found a runed translucent door.
  1212 | D:2      | Noticed Crazy Yiuf
  1270 | D:2      | Reached skill level 4 in Fighting
  1808 | D:2      | Reached XP level 4. HP: 48/49 MP: 7/7
  1827 | D:2      | Learned a level 2 spell: Shroud of Golubria
  2941 | D:3      | Reached skill level 5 in Fighting
  3135 | D:3      | Reached XP level 5. HP: 57/57 MP: 8/8
  3378 | D:3      | Found a stormy altar of Qazlal.
  3459 | D:3      | Found a blossoming altar of Fedhas.
  3476 | D:3      | Noticed an ogre
  3772 | D:3      | Found an ornate altar of the Wu Jian Council.
  5110 | D:4      | Noticed an ogre
  5131 | D:4      | Killed an ogre
  5131 | D:4      | Reached skill level 6 in Fighting
  5131 | D:4      | Reached XP level 6. HP: 41/67 MP: 9/9
  5738 | D:4      | Found a sparkling altar of Nemelex Xobeh.
  6180 | D:5      | Entered Level 5 of the Dungeon
  6240 | D:5      | Noticed Ijyb
  6258 | D:5      | Killed Ijyb
  6258 | D:5      | Reached XP level 7. HP: 68/76 MP: 10/10
  6329 | D:4      | Reached skill level 5 in Axes
  6457 | D:5      | Found a staircase to the Ecumenical Temple.
  6477 | Temple   | Entered the Ecumenical Temple
  6526 | Temple   | Became a worshipper of Lugonu the Unformed
  6526 | Temple   | Reached * piety under Lugonu
  6749 | D:5      | Reached skill level 7 in Fighting
  7651 | D:5      | Found a shimmering altar of Xom.
  7651 | D:5      | Found a shattered altar of Ashenzari.
  8517 | D:5      | Reached skill level 1 in Invocations
  8517 | D:5      | Reached XP level 8. HP: 72/88 MP: 11/11
  8765 | D:6      | Found a hazy altar of Hepliaklqana.
  8768 | D:6      | Noticed Pikel
  9155 | D:6      | Reached skill level 8 in Fighting
  9697 | D:6      | HP: 1/88 [wyvern zombie (10)]
  9700 | D:6      | Slain by a wyvern zombie

Skill      XL: |  1  2  3  4  5  6  7  8 |
---------------+-------------------------+-----
Fighting       | 3 4 5 6 7 8 |  8.1
Axes           | 3 4 5 6 |  6.1
Translocations | 3 4 |  4.3
Invocations    | 1 2 |  2.2
Throwing       | |  1.0
Dodging        | |  2.1
Spellcasting   | |  2.4

Action                   |  1- 3 |  4- 6 |  7- 9 || total
-------------------------+-------+-------+-------++-------
Melee: Hand axe          |    96 |   320 |   257 ||   673
       Dagger            |       |       |     3 ||     3
 Fire: Hunting sling     |       |       |    25 ||    25
Throw: Tomahawk          |     1 |     1 |       ||     2
 Cast: Shroud of Golubri |       |    15 |     3 ||    18
       Blink             |       |       |     9 ||     9
  Use: Scroll            |       |     8 |     6 ||    14
       Potion            |       |       |     4 ||     4
 Stab: Sleeping          |       |     1 |       ||     1
       Distracted        |       |       |     1 ||     1
  Eat: Chunk             |     2 |    26 |    11 ||    39
Armor: Robe              |    33 |   109 |    75 ||   217
       Animal skin       |       |       |     8 ||     8
Dodge: Dodged            |    55 |   157 |   149 ||   361
